[Event "Turkish Youth Championships 2023"]
[Site "Samsun"]
[Date "2023.05.20"]
[Round "2.19"]
[White "Atis, Hasan"]
[Black "Akyuz, Pars"]
[Result "1-0"]
[WhiteElo "1890"]
[BlackElo "1219"]
[Annotator "COMBH"]
[PlyCount "127"]
[EventDate "2023.05.19"]
[EventType "swiss"]
[EventCountry "TUR"]
[TimeControl "5400+30"]
[BlackClock "0:17:03"]

1. e4 c6 2. d4 d5 3. Nc3 dxe4 4. Nxe4 Bf5 5. Ng3 Bg6 6. Nf3 Nf6 7. Bc4 e6 8. c3 Bd6 9. Qe2 O-O 10. Ne5 Nbd7 11. Bb3 Qc7 12. Nc4 Rfe8 13. Nxd6 Qxd6 14. O-O c5 15. Rd1 Qc7 16. Be3 cxd4 17. Rxd4 Nb6 18. Rad1 Nbd5 19. Bc1 Nb6 20. Qf3 a5 21. a3 e5 22. Rd6 Nc8 23. R6d2 Ne7 24. Ba4 e4 25. Qe2 Nc6 26. Rd6 Red8 27. Bf4 Rxd6 28. Rxd6 Qb6 29. Qb5 Qxb5 30. Bxb5 Ne8 31. Rd5 Nf6 32. Bxc6 Nxd5 33. Bxd5 Rd8 34. c4 Rd7 35. Kf1 h5 36. h4 b5 37. Ke2 bxc4 38. Bxc4 Kf8 39. Bd2 Rb7 40. b4 axb4 41. Bxb4+ Ke8 42. Bd5 Rb6 43. Nxe4 Bxe4 44. Bxe4 Re6 45. Kd3 Rf6 46. Bf3 Rf4 47. Bxh5 Rxh4 48. Bf3 Rh6 49. a4 Ra6 50. a5 Kd7 51. Kc4 Kc7 52. Kb5 Ra7 53. Bc5 Rb7+ 54. Bxb7 Kxb7 55. a6+ Ka8 56. f4 f5 57. Kb6 Kb8 58. Bd6+ Ka8 59. Be5 g6 60. Bc7 g5 61. fxg5 f4 62. g6 f3 63. g7 fxg2 64. g8=Q# 1-0

[Event "Turkish Youth Championships 2023"]
[Site "Samsun"]
[Date "2023.05.20"]
[Round "2.20"]
[White "Gungor, Cihan Akif"]
[Black "Simsek, Ayaz"]
[Result "1-0"]
[ECO "C02"]
[WhiteElo "1771"]
[BlackElo "1474"]
[Annotator "NA RC COMBH"]
[PlyCount "85"]
[EventDate "2023.05.19"]
[EventType "swiss"]
[EventCountry "TUR"]
[SourceTitle "playchess.com"]
[Source "ChessBase"]
[SourceQuality "1"]
[TimeControl "5400+30"]

1. e4 e6 2. d4 d5 3. e5 c5 4. c3 Nc6 5. Nf3 Qb6 6. Na3 f6 7. exf6 Nxf6 8. Nc2 Bd6 9. Bd3 O-O 10. O-O e5 11. dxe5 Nxe5 12. Nxe5 Bxe5 13. h3 Bd7 14. Ne3 Rae8 15. Nxd5 Nxd5 16. Bc4 Kh8 17. Bxd5 Qg6 18. f4 Bc7 19. Qf3 b5 20. Be3 Bb6 21. Rae1 Qc2 22. Rf2 Qd3 23. Rd2 Rxe3 24. Rxd3 Rxd3 25. Qxd3 c4+ 26. Qe3 Re8 27. Qxb6 Rxe1+ 28. Kf2 axb6 29. Kxe1 g6 30. Kf2 Kg7 31. Ke3 Kf6 32. Ke4 h6 33. h4 Be8 34. g4 Bd7 35. g5+ hxg5 36. hxg5+ Ke7 37. Ke5 Be8 38. Be4 Bf7 39. Bc6 b4 40. cxb4 c3 41. bxc3 Bxa2 42. Bd5 Bb1 43. Be4 1-0

[Event "Turkish Youth Championships 2023"]
[Site "Samsun"]
[Date "2023.05.20"]
[Round "2.20"]
[White "Cirkin, Osman Turan"]
[Black "Eroz, Enis"]
[Result "0-1"]
[WhiteElo "1200"]
[BlackElo "1830"]
[Annotator "COMBH"]
[PlyCount "106"]
[EventDate "2023.05.19"]
[EventType "swiss"]
[EventCountry "TUR"]
[TimeControl "5400+30"]
[WhiteClock "0:22:00"]

1. d4 Nf6 2. Nf3 g6 3. Bf4 Bg7 4. e3 d6 5. Bc4 O-O 6. h3 a6 7. a4 Nbd7 8. O-O Qe8 9. Bh2 e5 10. dxe5 dxe5 11. Nbd2 e4 12. Nd4 Ne5 13. Bb3 Bd7 14. f4 exf3 15. N2xf3 Nxf3+ 16. Qxf3 c5 17. Bd6 cxd4 18. exd4 Qe4 19. Bxf8 Qxd4+ 20. Qf2 Qxf2+ 21. Rxf2 Rxf8 22. Raf1 Bf5 23. g4 Ne4 24. Rh2 Bd4+ 25. Kg2 Be6 26. Bxe6 fxe6 27. Rxf8+ Kxf8 28. Kf3 Ng5+ 29. Kf4 Be5+ 30. Kxe5 Nf3+ 31. Kxe6 Nxh2 32. b4 Ke8 33. c4 Nf3 34. Kd6 Kd8 35. c5 h5 36. c6 Kc8 37. b5 a5 38. b6 Ng5 39. gxh5 gxh5 40. cxb7+ Kxb7 41. Kc5 Nxh3 42. Kb5 Ng5 43. Kxa5 h4 44. Kb5 h3 45. a5 h2 46. a6+ Kb8 47. b7 h1=Q 48. Kb6 Qg1+ 49. Kc6 Qd4 50. Kb5 Ne4 51. Kc6 Qd6+ 52. Kb5 Qc5+ 53. Ka4 Qb6 0-1

[Event "Turkish Youth Championships 2023"]
[Site "Samsun"]
[Date "2023.05.21"]
[Round "3.1"]
[White "Isik, Alparslan"]
[Black "Hasirci, Ozgur Deniz"]
[Result "1-0"]
[ECO "B99"]
[WhiteElo "2451"]
[BlackElo "1763"]
[Annotator "TA"]
[PlyCount "77"]
[EventDate "2023.05.19"]
[EventType "swiss"]
[EventCountry "TUR"]
[SourceTitle "playchess.com"]
[Source "ChessBase"]
[SourceQuality "1"]
[TimeControl "5400+30"]

1. e4 c5 2. Nf3 d6 3. d4 cxd4 4. Nxd4 Nf6 5. Nc3 a6 6. Bg5 e6 7. f4 Be7 8. Qf3 Qc7 9. O-O-O Nbd7 10. g4 h6 11. Bxf6 Bxf6 12. h4 Nb6 {[%emt 0:00:00] Nowadays more popular than 12...Qb6. B99: Sicilian Najdorf: 6 Bg5 e6 7 f4 Be7 8 Qf3 Qc7 9 0-0-0 Nbd7.} 13. g5 Bxd4 14. Rxd4 Qc5 {[%emt 0:00:00] White is slightly better.} 15. Qf2 hxg5 16. e5 {[%emt 0:00:30] Ne4 is the strong threat.} gxf4 (16... dxe5 $2 17. Rd8+ Kxd8 18. Qxc5 $18) 17. Bd3 {[%emt 0:00:30] [#] Threatens to win with Ne4.} ({Of course not} 17. Ne4 Qxe5 18. Nxd6+ Ke7 $15) 17... O-O $146 (17... d5 $1 $11 {and Black is okay.}) ({Predecessor:} 17... f5 18. exf6 e5 19. fxg7 Rg8 20. Bg6+ Ke7 21. h5 Qxd4 22. Qh4+ Kd7 23. h6 Kc6 {1-0 Hong,A (2504)-Brodsky,D (2496) USA-ch U20 Saint Louis 2022 (1)}) 18. Rg1 $1 $18 Qxe5 (18... dxe5 {is a self mate.} 19. Qg2 g6 20. Bxg6 Re8 21. Bh5+ Kf8 22. Qg8+ Ke7 23. Qxf7#) 19. Re4 {[%emt 0:01:30] Prevents Qe3+.} Qc5 {[%emt 0:00:30] [#]} 20. Qg2 g6 21. Ree1 {[%emt 0:03:30][%cal Od3g6] Threatening mate with Bxg6!} Qh5 22. Qf2 Nd7 {[%emt 0:09:30] [#]} 23. Qxf4 {[%emt 0:08:30] White has more active pieces. The black rooks are badly placed.} (23. Ne4 $1 $16) 23... Nc5 $2 (23... e5 $11 {and Black stays safe.} 24. Qc4 Kg7) 24. Qxd6 {[%emt 0:04:30] aiming for Kb1.} Nxd3+ (24... b6 $16) 25. cxd3 e5 $2 (25... Qxh4 $2 26. Rh1 Rd8 27. Qe5 $18) (25... b6 {was called for.} 26. Ne4 Qh6+ 27. Kb1 Bb7) 26. Rxe5 Qh6+ {[%emt 0:00:30] Black is weak on the dark squares} 27. Kb1 {[%emt 0:02:30] Strongly threatening h5.} Be6 28. h5 Rfd8 $2 (28... Rad8 29. Qb4 Rde8) 29. Qb4 {[%emt 0:03:30] Hoping for hxg6.} Qh8 {[%emt 0:02:23] [#]} 30. Rxe6 $1 {[%emt 0:02:30][%mdl 576] Deflection} fxe6 (30... Qxh5 31. Ne4) 31. Rxg6+ (31. hxg6 $2 Qd4 32. Qxd4 Rxd4 $19) 31... Kf7 32. Qxb7+ Kf8 33. Qb4+ Kf7 34. Qf4+ Ke7 35. h6 Rd7 36. Rg7+ (36. Qb4+ $142 Kf7 37. Qg4) 36... Ke8 37. Qe4 {[%emt 0:00:06][%csl LRa8,LRe6] White mates.} Raa7 38. Qxe6+ Kd8 39. Rg8+ {[%emt 0:00:00] A cool game by Isik.   Weighted Error Value: White=0.15 (very precise) /Black=0.71} 1-0

[Event "Turkish Youth Championships 2023"]
[Site "Samsun"]
[Date "2023.05.20"]
[Round "3.1"]
[White "Yuksel, Fatih Canberk"]
[Black "Isik, Alparslan"]
[Result "0-1"]
[WhiteElo "1599"]
[BlackElo "2451"]
[Annotator "TA"]
[PlyCount "84"]
[EventDate "2023.05.19"]
[EventType "swiss"]
[EventCountry "TUR"]
[TimeControl "5400+30"]

1. d4 Nf6 2. c4 g6 3. Nf3 Bg7 4. g3 O-O 5. Bg2 d6 6. Nc3 Nbd7 7. e4 e5 8. d5 Nc5 {E72: King's Indian: 4 e4 d6 5 g3.} 9. Qc2 a5 10. Be3 Ne8 {[#] The position is equal.} 11. O-O-O $146 ({Predecessor:} 11. Bxc5 dxc5 12. Nd2 f5 13. O-O f4 14. Qd3 Nd6 15. Nb5 Bd7 16. a4 g5 17. Ra3 {0-1 De Araujo,J (2002)-Perdomo,L (2422) Castanhal op 3rd 2014 (3)}) 11... f5 12. Bxc5 dxc5 13. Rhe1 (13. Kb1 $14) 13... Nd6 $15 14. Nd2 {[%emt 0:04:30] [#]} (14. Qe2 $1 $15) 14... b6 (14... Bh6 $1 $17 {Strongly threatening ...fxe4.} 15. Kb1 Bxd2 16. Qxd2 Nxc4) 15. f3 {[%emt 0:06:30] [#]} (15. Kb1 $11 {keeps the balance.}) 15... Bd7 (15... Bh6 $1 $17 16. Qd3 a4) 16. a4 (16. Kb1 $11 {remains equal.}) 16... Bh6 $17 17. b3 Qf6 ({Black should play} 17... fxe4 $17 18. Ncxe4 Nf5) 18. Kb2 Rae8 19. Re2 Re7 20. Rde1 Rfe8 21. Qd3 Bg5 22. Rf1 Qg7 23. Ka2 Qh6 24. h4 Bf6 25. Nb5 ({White should try} 25. Rh1 $14) 25... Bc8 (25... Bxb5 $15 {deserves consideration.} 26. cxb5 f4) 26. Na7 Bb7 27. Bh3 f4 28. gxf4 Qxf4 29. h5 gxh5 30. Rg2+ (30. Nb5 $11) 30... Kh8 $15 31. Rfg1 Rg7 32. Be6 {[%emt 0:00:30] Prevents Reg8} Ree7 {[%emt 0:01:00][%cal Be8e7,Be7g7,Bg7g4][%mdl 32] Active counter play!} 33. Nb5 Rxg2 34. Rxg2 Bg5 35. Nb1 (35. Nf1 $1 $11) 35... Ba6 36. Nxd6 $1 cxd6 37. Nc3 {[%emt 0:00:00] Ne2 is the strong threat.} Rg7 38. Ne2 $1 Qf8 ({Better is} 38... Qh4 $1 $15) 39. Ng1 (39. f4 $11 exf4 40. Rf2) 39... Bf4 40. Qf1 Bg3 (40... Rxg2+ $15 41. Qxg2 Qg7) 41. Ne2 h4 42. Bg4 $2 (42. Rg1 $15) 42... Rxg4 {[%emt 0:00:00][%mdl 64] Pin.   Weighted Error Value: White=0.39/Black=0.26 (precise)} 0-1

[Event "Turkish Youth Championships 2023"]
[Site "Samsun"]
[Date "2023.05.20"]
[Round "3.2"]
[White "Akbas, Umut Ata"]
[Black "Cicek, Bilal Emre"]
[Result "1-0"]
[WhiteElo "2417"]
[BlackElo "1600"]
[Annotator "TA"]
[PlyCount "79"]
[EventDate "2023.05.19"]
[EventType "swiss"]
[EventCountry "TUR"]
[TimeControl "5400+30"]

1. Nf3 d5 2. d4 e6 3. Bf4 Bd6 4. Bg3 Nf6 5. e3 O-O 6. Bd3 c5 7. c3 {D02: 1 d4 d5 2 Nf3 sidelines, including 2...Nf6 3 g3 and 2...Nf6 3 Bf4.} Qc7 8. dxc5 Qxc5 9. Nbd2 {The position is equal.} Nbd7 10. Qc2 e5 {Hoping for ...e4.} 11. e4 dxe4 12. Nxe4 Nxe4 13. Bxe4 Nf6 {[#]} 14. O-O-O $146 (14. Nd2 $11) ({Predecessor:} 14. Rd1 Bg4 15. O-O Bh5 16. Rd2 Rfe8 17. Bxb7 Rab8 18. Be4 Rxb2 19. Bxh7+ Nxh7 20. Qxb2 Bxf3 21. gxf3 {1-0 Moroni,L (2532)-Melia,S (2368) Gibraltar Masters 18th 2020 (10)}) 14... Be6 $2 (14... Nxe4 $17 {keeps the pressure on.} 15. Qxe4 f6) 15. Ng5 $16 (15. Bxb7 $6 Rad8 $11) 15... Bxa2 16. Bxh7+ Kh8 {[%emt 0:00:30] [#]} 17. b4 (17. Qf5 $1 $16 {[%cal Rf5h3] Qh3 would be deadly.} Be6 18. Nxe6 fxe6 19. Qxe6 Kxh7 20. Qxd6 (20. Rxd6 e4 $16)) 17... Qc7 $14 18. Rxd6 Qxd6 19. Qxa2 Nxh7 20. Nxf7+ Rxf7 {[%emt 0:00:00][%mdl 64] Remove Defender} 21. Qxf7 {[%emt 0:00:00] And now Rd1 would win.} Rc8 {[%emt 0:04:00] [#]} 22. Qb3 {[%emt 0:01:00] Active counter play!} (22. Qxb7 Rxc3+ 23. Kb2 Qd2+ 24. Ka1 Ra3+ 25. Kb1 Rb3+ 26. Ka1 Qb2#) 22... Qc6 (22... Rd8 $2 23. Rd1 Qh6+ 24. Kb1 Rxd1+ 25. Qxd1 $18) (22... a5 $142) 23. Bxe5 $16 Qxg2 24. Qd1 {[%emt 0:00:30] Black must now prevent Rg1.} Qg5+ (24... Nf6 $16) 25. f4 $18 Qe7 26. Rg1 Nf6 {[%emt 0:00:00] Black is weak on the dark squares} 27. Rg3 {[%emt 0:01:30] Threatens to win with Rh3+.} Rd8 28. Rh3+ Kg8 29. Qb3+ Nd5 $2 (29... Rd5 30. Rg3 (30. Bxf6 Qe1+ 31. Kb2 Qd2+ 32. Ka3 Qc1+ 33. Qb2 Qf1 $16) 30... Kf8) 30. Rd3 Qe6 31. b5 (31. c4 $142 Rc8 32. c5) 31... Kf7 32. Qd1 ({Better is} 32. Kb2 $18) 32... Rd7 $16 33. Qh5+ Kg8 {[%emt 0:02:05][%cal Od5f4] Strongly threatening ...Nxf4!} 34. Rh3 {[%emt 0:01:30] Intending Qh8+ and mate.} Nf6 35. Qh8+ ({Much worse is} 35. Bxf6 $6 Qe1+ 36. Kc2 Rd2+ 37. Kb3 Qb1+ 38. Kc4 Qa2+ 39. Kb4 Qb2+ 40. Kc4 Qa2+ 41. Kb4 Qb2+ 42. Kc4 Qa2+ $11) 35... Kf7 36. Rg3 {[%emt 0:00:30][%csl Gh8][%cal Rg3g7] Dodges Qg4} Ne8 37. Qh5+ $40 {[%emt 0:03:11][%mdl 128] White goes for the king.} (37. Bxg7 {gets mated.} Qe1+ 38. Kb2 Rd2+ 39. Ka3 Qa1+ 40. Kb3 Qb1+ 41. Kc4 Nd6+ 42. Kc5 Qxb5#) 37... Kf8 38. Bd4 Rd5 39. Qh8+ (39. Rg5 $16 Rxg5 40. fxg5) 39... Ke7 $2 (39... Kf7 $11) 40. Re3 {[%emt 0:00:58] Weighted Error Value: White=0.21 (precise) /Black=0.24 (precise)} (40. Bxg7 {is a self mate.} Qe1+ 41. Kb2 Rd2+ 42. Ka3 Qa1+ 43. Kb3 Qb1+ 44. Kc4 Nd6+ 45. Kc5 Qxb5#) 1-0

[Event "Turkish Youth Championships 2023"]
[Site "Samsun"]
[Date "2023.05.20"]
[Round "3.4"]
[White "Isilak, Enes"]
[Black "Sahbudak, Baris Cinar"]
[Result "1-0"]
[WhiteElo "2181"]
[BlackElo "1603"]
[Annotator "TA"]
[PlyCount "105"]
[EventDate "2023.05.19"]
[EventType "swiss"]
[EventCountry "TUR"]
[TimeControl "5400+30"]

1. d4 Nf6 2. c4 g6 3. g3 Bg7 4. Bg2 d5 5. cxd5 Nxd5 6. Nf3 O-O 7. O-O Nb6 8. Nc3 Nc6 9. e3 Re8 10. h3 $1 {[%mdl 4] now scores much better than the old 10.Re1.} Be6 {D76: Fianchetto Grünfeld: Main Line with 7...Nb6.} 11. b3 {[%emt 0:24:00] [#]} Nd5 $146 (11... a5 $14) ({Predecessor:} 11... a5 12. Bb2 a4 13. Nxa4 Nxa4 14. bxa4 Qd7 15. Kh2 Bc4 16. Rg1 Nb4 17. Nd2 Ba6 18. Ba3 {0-1 Sirosh,I (2380)-Mosadeghpour,M (2515) Olympiad-43 Batumi 2018 (5.12)}) 12. Na4 $16 Bc8 {[%emt 0:06:30] White is better.} 13. Bb2 e6 14. Rc1 Nce7 15. e4 Nb6 16. Nc5 Nd7 17. Nd3 {[%emt 0:01:00] White is more active.} b6 18. Qc2 Ba6 19. Rfd1 c6 20. b4 ({White should play} 20. Nf4) 20... Rc8 (20... Bxd3 $16 21. Rxd3 (21. Qxd3 b5 $16) 21... a5) 21. Qb3 (21. Nf4 $18) 21... Qc7 (21... Bxd3 $16 22. Rxd3 (22. Qxd3 b5 $16) 22... b5) 22. h4 {[%emt 0:22:30] Nf4 is the strong threat.} Bxd3 23. Rxd3 ({But not} 23. Qxd3 b5 $16) 23... c5 (23... Qd8 $16 {was called for.} 24. Bh3 Nf8) 24. dxc5 $18 bxc5 25. Bxg7 Kxg7 26. Qb2+ Kg8 27. Qd2 ({Better is} 27. h5 $18) 27... Ne5 (27... Nf6 $16 {is a better defense.}) 28. Rxc5 Nxf3+ 29. Bxf3 Qb6 {[%emt 0:01:00] Black is weak on the dark squares} 30. Rd6 Qb8 31. Rxc8 Rxc8 32. a3 Nc6 33. Be2 Qc7 34. Rd7 Qb8 35. Qd6 Qxd6 36. Rxd6 {[%emt 0:00:04][%cal Bd7d6,Bd6c6,Bc6c7][%mdl 4128] Endgame KRB-KRN} Rc7 37. b5 Ne5 {[%emt 0:02:01] [#]} (37... Na5 {might work better.} 38. e5 h5) 38. f4 Nd7 39. Rc6 {[%emt 0:00:26] Inhibits Nb6.} Rb7 40. a4 Kf8 41. a5 Ke7 (41... Nf6 $142 42. b6 axb6 43. axb6 Ke7) 42. a6 Rb6 43. Rc7 Kd8 44. Rxa7 Kc8 45. Ra8+ (45. Rxd7 $142 Kxd7 46. a7 Ke7 47. a8=Q Rd6 48. Qa3 Kd7 49. Qa7+ Ke8 50. Qc5) 45... Rb8 46. Ra7 {[%emt 0:01:25] [#]} (46. Rxb8+ $18 Kxb8 47. e5) 46... f6 $2 (46... Rb6 $11 47. Rxd7 {[%mdl 64] Clearance, Promotion} Kxd7) 47. Bc4 Nc5 48. Rxh7 {[%emt 0:00:08] White mates.} e5 49. a7 Ra8 50. Rh8+ Kb7 51. Bd5+ Kxa7 52. Rxa8+ Kb6 53. Rf8 {[%emt 0:00:00] Weighted Error Value: White=0.34/Black=0.64} 1-0

[Event "Turkish Youth Championships 2023"]
[Site "Samsun"]
[Date "2023.05.21"]
[Round "3.4"]
[White "Yildiz, Elif Zeren"]
[Black "Isilak, Enes"]
[Result "0-1"]
[ECO "B15"]
[WhiteElo "1722"]
[BlackElo "2181"]
[Annotator "TA"]
[PlyCount "164"]
[EventDate "2023.05.19"]
[EventType "swiss"]
[EventCountry "TUR"]
[SourceTitle "playchess.com"]
[Source "ChessBase"]
[SourceQuality "1"]
[TimeControl "5400+30"]

1. e4 g6 2. d4 Bg7 3. Nc3 c6 4. f4 d5 5. e5 Nh6 6. Be3 O-O 7. Nf3 Bg4 {[%emt 0:00:30] B15: Caro-Kann: 3 Nc3: 3...g6 and 3...dxe4 4 Nxe4 Nf6 5 Nxf6+ exf6.} (7... Qb6 $14) 8. Be2 (8. h3 $16 Bxf3 9. Qxf3) 8... Nf5 $14 9. Bf2 {[%emt 0:05:30] [#]} Bh6 $146 {[%emt 0:01:30] White is slightly better.} ({Predecessor:} 9... f6 10. O-O e6 11. h3 Bxf3 12. Bxf3 fxe5 13. fxe5 c5 14. Ne2 cxd4 15. Nxd4 Nxd4 16. Bxd4 {½-½ Gomez Anadon,D (2305)-Ano Tafalla,S (2105) Andorra op 37th 2019 (3)}) 10. Ng5 (10. Ng1 $16 Bxe2 11. Ngxe2) 10... Bxe2 $11 11. Qxe2 Bxg5 $1 12. fxg5 Na6 (12... f6 $11) 13. O-O-O (13. g4 $5 Ng7 $8 14. O-O-O $14) 13... Qd7 {[%emt 0:04:30] Black is weak on the dark squares} 14. h4 {[%emt 0:06:30][%cal Bh2h4,Bh4h5][%mdl 32] g4 would be deadly.} (14. g4 $5 Ng7 15. Rhf1 $14) 14... Ng7 $1 15. g4 Nc7 (15... f6 $14) 16. Be3 (16. h5 $142) 16... Nce6 (16... f5 $142) 17. Qf3 Rfd8 (17... Rad8 $16 {was worth a try.}) 18. Rdf1 Qe8 $2 (18... Rf8 $16 19. Kb1 Rad8) 19. h5 $18 {[%emt 0:02:30] Threatens to win with hxg6.} Nf8 20. Rf2 Nge6 21. Rhf1 Rd7 22. Qxf7+ ({Better is} 22. Qh3 $18) 22... Qxf7 $14 23. Rxf7 c5 24. Ne2 (24. dxc5 $2 {loses.} d4 25. Bxd4 (25. c6 $2 bxc6 26. Bxd4 Nxd4 $19) 25... Nxd4 $19) 24... cxd4 25. Nxd4 Nxd4 26. Bxd4 Ne6 27. Be3 (27. h6 $5 ) 27... a6 28. Bd2 Rf8 29. Rxf8+ Nxf8 {[%emt 0:00:03][%mdl 4096] Endgame KRB-KRN} 30. c3 Rc7 31. Be3 Rc4 32. Rf4 Rxf4 33. Bxf4 $11 {[%emt 0:00:30] KB-KN} Kf7 34. Kd2 Ke6 35. Kd3 Nd7 36. Kd4 Nb8 37. Kc5 {[%emt 0:01:42] And now Kb6 would win.} Nd7+ 38. Kd4 b6 39. hxg6 hxg6 40. a4 (40. c4 $11 dxc4 41. Bh2) 40... Nb8 (40... Nc5 $15 41. b4 Nxa4) 41. c4 $1 Nc6+ 42. Kc3 dxc4 43. Kxc4 Nxe5+ 44. Kd4 $1 Nc6+ 45. Ke4 Kd7 46. Be3 b5 47. axb5 axb5 48. Kd5 Nb4+ 49. Ke4 Kd6 50. Bf4+ Kc5 51. b3 Nc6 52. Bd2 e6 53. Be1 Kd6 54. Bc3 b4 55. Be1 e5 56. Bg3 Ke6 57. Be1 Nd4 58. Bxb4 Nxb3 59. Bf8 Nd2+ 60. Ke3 Nc4+ 61. Ke4 (61. Kd3 $5 Kd5 62. Bg7 $11) 61... Nd6+ 62. Kd3 Kd5 63. Be7 $2 (63. Bg7 $1 $15) 63... Nc4 $2 (63... e4+ $19 64. Ke2 Ke5) 64. Bf6 e4+ 65. Ke2 Ne5 66. Ke3 $1 Nxg4+ 67. Kf4 Nf2 68. Ke3 Nd3 69. Bc3 Ne5 70. Ba1 Nf7 (70... Nf3 $5 71. Bf6 $8 Ne5 $11) 71. Bf6 Nd6 72. Bc3 $2 (72. Kf4 $11 {and White stays safe.}) 72... Nf5+ $1 $19 73. Kf4 $2 (73. Kd2 $19) 73... e3 {[%emt 0:00:56] Black mates.} 74. Ba5 {[%emt 0:00:00] [#]} Kd4 $1 ({Stronger than} 74... e2 75. Kf3 $11) 75. Bb6+ Kd3 76. Ke5 Ke2 77. Kf6 Nh4 78. Ba5 Kf2 79. Bb6 Kf3 80. Ba5 Kg4 81. Bb6 {[%emt 0:00:07] [#]} e2 $1 82. Bf2 Kh5 {[%emt 0:00:00] What a fight!   Weighted Error Value: White=0.19 (very precise) /Black=0.16 (very precise)} 0-1

[Event "Turkish Youth Championships 2023"]
[Site "Samsun"]
[Date "2023.05.21"]
[Round "3.5"]
[White "Zerey, Demhat"]
[Black "Kavri, Yusuf Eren"]
[Result "0-1"]
[ECO "C00"]
[WhiteElo "1710"]
[BlackElo "2029"]
[Annotator "TA"]
[PlyCount "142"]
[EventDate "2023.05.19"]
[EventType "swiss"]
[EventCountry "TUR"]
[SourceTitle "playchess.com"]
[Source "ChessBase"]
[SourceQuality "1"]
[TimeControl "5400+30"]

1. Nf3 d5 2. g3 Nf6 3. Bg2 e6 4. O-O Be7 5. d3 c5 6. Nbd2 Nc6 7. e4 O-O 8. Re1 Qc7 9. Qe2 b5 10. e5 Nd7 11. Nf1 Bb7 12. Bf4 {[%emt 0:02:30] C00: French: Unusual White 2nd moves.} Rfc8 13. Ne3 Qd8 (13... Ncxe5 14. Nxe5 (14. Nxd5 Bxd5 15. Nxe5 Bxg2 $11) 14... Nxe5 15. Ng4 $16) 14. h4 {[%emt 0:03:30] Black is slightly better.} a5 15. a4 bxa4 {[%emt 0:05:30] [#]} 16. Rxa4 $146 ({Predecessor:} 16. Ng4 Nb6 17. h5 h6 18. Qd2 Nd4 19. Nxd4 cxd4 20. Bxh6 gxh6 21. Nxh6+ Kg7 22. Qf4 {0-1 Azaladze,S (2420)-Aleksandrov,A (2492) Bhubaneswar op-A 13th 2022 (5)}) 16... Nf8 17. Ng4 Ba6 18. Rd1 (18. h5 $142) 18... Bb5 19. Raa1 c4 (19... Nd4 $11 20. Nxd4 cxd4) 20. d4 $14 Nb4 21. Bg5 (21. Qd2 $14) 21... Rcb8 ({Better is} 21... Bxg5 $15 22. hxg5 (22. Nxg5 h6 $11) 22... c3 23. Qxb5 cxb2) 22. Qd2 $11 c3 23. bxc3 (23. Qxc3 $6 Bxg5 24. hxg5 (24. Nxg5 Be2 $15) 24... Rc8 $11) 23... Nc6 24. h5 (24. Ne3 $16) 24... Nd7 (24... Bxg5 $14 25. Nxg5 (25. Qxg5 Qxg5 26. Nxg5 Be2 $17) 25... h6) 25. h6 $16 g6 26. Rdb1 a4 27. Bf1 Bxf1 28. Rxf1 (28. Kxf1 Rxb1+ 29. Rxb1 a3 $11) 28... a3 {[%emt 0:04:30] [#]} 29. c4 dxc4 $11 30. Bxe7 Qxe7 {[%emt 0:04:57][%mdl 8192] [#]} (30... Nxe7 $11 {and Black stays safe.} 31. Ne3 Qc7) 31. d5 $1 $18 exd5 (31... c3 $142 32. Qxc3 Nb4) 32. Qxd5 Nb4 {[%emt 0:00:30] [#]} (32... Ndxe5 33. Nfxe5 Nxe5 34. Nxe5 Qe6) 33. Qxd7 $3 {[%emt 0:00:00][%mdl 576] Remove Defender, Decoy} Qxd7 34. Nf6+ Kh8 35. Nxd7 {[%emt 0:00:00] Excellent horsemanship.} Rb7 36. Nc5 Rb5 {[%emt 0:00:34][%cal Ob4c2] [#]} 37. Rfd1 $1 Nxc2 (37... Rxc5 38. Rxa3) 38. Ra2 (38. Rd7 $18 {[%cal Od7f7] Intending Rxf7! and mate.} Rxc5 39. Rxf7) 38... Rb2 $36 {[%emt 0:00:13][%mdl 2048] Black has good play.} 39. Rxb2 axb2 40. Na4 $1 {[%emt 0:00:25][%mdl 64] Deflection, Back Rank} Nd4 $1 41. Nxd4 (41. Rxd4 $2 {loses.} b1=Q+ 42. Kg2 Qb4 $19) 41... Rxa4 {[%emt 0:00:00][%mdl 4096] Endgame KRN-KR} 42. Nc2 {[%emt 0:01:37][%cal Rd1d8] Inhibits Ra1.} Ra8 {[%emt 0:00:00] Dodges Rd8+} 43. Kf1 {[%emt 0:00:14] And now Ke2 would win.} Rb8 44. Rb1 $1 {[%emt 0:01:04] Threatens to win with Ke2.} c3 45. Ke2 Rd8 46. Ke3 {[%emt 0:00:35] Nd4 is the strong threat.} Rd2 47. Nd4 (47. Na3 $11) 47... Kg8 $15 {[%emt 0:00:49] Strongly threatening ...Kf8.} 48. f4 $2 (48. Nb3 $15 c2 49. Rxb2) 48... Kf8 $19 {[%emt 0:00:08][%cal Od2d4] ...Rxd4! would be deadly.} 49. Nb3 {[%emt 0:00:30] [#]} c2 $2 (49... Rd1 $1 $19 50. Rxd1 c2) 50. Rxb2 $15 {[%emt 0:00:21] [#]} c1=Q 51. Nxc1 Rxb2 {[%emt 0:00:30] KR-KN} 52. g4 Ke7 {[%emt 0:00:00] White must now prevent ...Ke6. Black is more active.} 53. Nd3 (53. Ne2 $1 $15) 53... Rh2 $19 54. g5 $2 (54. Nf2) 54... Ke6 55. Ke4 Re2+ (55... Rc2 $142 56. Kf3 Rc3) 56. Kf3 Ra2 {[%emt 0:00:00] Hoping for ...Ra3.} 57. Kg4 Rc2 58. Ne1 Rc3 (58... Rd2 $142 59. Nf3 Rd1) 59. Nf3 Kd5 60. Nd2 Rd3 (60... Kd4 $142 61. Nf1 Rc1) 61. Nf1 Ke4 62. Ng3+ Ke3 63. f5 Rd4+ 64. Kh3 Kf2 65. Nh1+ Kf3 66. Ng3 Rg4 67. Ne2 Rxg5 68. Nd4+ Ke4 69. e6 fxe6 (69... Kxd4 $2 70. e7 Rh5+ 71. Kg4 Rxh6 72. e8=Q (72. e8=B $2 {too greedy.} Ke5 $19) 72... gxf5+ 73. Kf4 $18) 70. Nxe6 Rxf5 {[%emt 0:00:00] ( -> ...Re5)} 71. Kg4 Rh5 {[%emt 0:00:23] What a bad dream for White.   Weighted Error Value: White=0.76/Black=0.64} 0-1